 Dungeon Crawl Stone Soup version 0.32-a0-779-g362cfcae2a (webtiles) character file.

Game seed: 11773471584805512370

49 YayAnonymity the Shield-Bearer (level 3, -3/33 HPs)
             Began as a Mountain Dwarf Fighter on Mar 19, 2024.
             Slain by a gnoll
             ... wielding a +0 halberd
              (11 damage)
             ... on level 2 of the Dungeon.
             The game lasted 00:02:06 (905 turns).

YayAnonymity the Shield-Bearer (MDFi)                Turns: 905, Time: 00:02:06

Health: -3/33      AC:  7    Str: 20    XL:     3   Next: 51%
Magic:  3/3        EV:  8    Int:  8    God:
Gold:   53         SH:  4    Dex:  9    Spells: 2/2 levels left

rFire   . . .        a - +0 war axe
rCold   . . .        c - +0 buckler
rNeg    . . .        b - +0 scale mail
rPois   .            (no helmet)
rElec   .            (no cloak)
rCorr   .            (no gloves)
SInv    .            (no boots)
Will    .....        (no amulet) Stlth
                     (no ring)
HPRegen 0.25/turn    (no ring)
MPRegen 0.08/turn

%: no passive effects
@: no status effects
A: runic magic, artefact enchanting
a: no special abilities


You were on level 2 of the Dungeon.
You visited 1 branch of the dungeon, and saw 2 of its levels.

You collected 53 gold pieces.

Inventory:

Hand Weapons
 a - a +0 war axe (weapon)
Armour
 b - a +0 scale mail (worn)
 c - a +0 buckler (worn)
Wands
 k - a wand of polymorph (11)
Scrolls
 e - a scroll of teleportation {unknown}
 g - a scroll of fog {unknown}
 h - a scroll of fear {unknown}
 i - 2 scrolls of enchant weapon {unknown}
 j - 2 scrolls of identify {unknown}
 l - a scroll of blinking {unknown}
Potions
 d - a potion of might
 f - a potion of attraction {unknown}


   Skills:
 + Level 3.6 Fighting
 * Level 3.6 Axes
 + Level 3.7 Armour
 + Level 3.7 Shields


You had 2 spell levels left.
You didn't know any spells.
Your spell library was empty.

Dungeon Overview and Level Annotations

Branches:
Dungeon (2/15)

Altars:
Uskayaw


Innate Abilities, Weirdness & Mutations

Your spellcasting is much less encumbered by armour.
You can use scrolls of enchantment on lesser artefacts.


Message History

There is an open door here.
Found a storm talisman.
A frilled lizard comes into view.
You miss the frilled lizard.
The frilled lizard bites you but does no damage. x2
You slash the frilled lizard!
You kill the frilled lizard!
No target in view!
You see here a storm talisman.
Press: ? - help, v - describe, . - travel The floor.
Hit: a) +0 war axe
Press: ? - help, Dir - move target, f - you
Okay, then.
Unknown command.
Press: ? - help, v - describe, . - travel, g - get item Item here: a storm talisman.
The floor.
You see here a storm talisman.
m - a storm talisman You drop a storm talisman.
You open the door.
There is an open door here.
A kobold and a gnoll come into view.
The kobold shouts!
The gnoll shouts!
The kobold moves out of view. 2 gnolls come into view.
The gnoll shouts! x2
A gnoll comes into view. It is wielding a +0 halberd.
The kobold throws a stone.
The stone completely misses you.
The gnoll shouts!
The gnoll hits you from afar with a +0 spear.
The gnoll hits you with a +0 halberd! The gnoll closely misses you.
You hit the gnoll.
The gnoll is lightly wounded.
The gnoll hits you from afar with a +0 spear.
The gnoll hits you with a +0 halberd!
* * * LOW HITPOINT WARNING * * *
The gnoll hits you from afar with a +0 halberd!
You die...

#.#####.....#.####.....#..##..
# [...........#........##..
......#####.##........##..
##.... ..............##.. ....
#(##...........#
......###.##.#'#..#.#...
.............#.#..#.#...
......###.####.#..#.#.##
.....gg@..# #.#......#
.....gg#### #.#...%..# #.....K
#.#......# #...... #.#......#
#...... #.#......## ######.
#........ #. #.....### #.
###...# # #...###


You could see 4 gnolls and a kobold.

Vanquished Creatures
  4 dart slugs
  3 endoplasms (D:1)
  3 giant cockroaches
  3 goblins
  2 jackals (D:1)
  3 quokkas
  4 ball pythons (D:1)
  6 bats
  4 frilled lizards
  5 kobolds
  A rat (D:1)
38 creatures vanquished.

Notes
Turn   | Place    | Note
-------+----------+-------------------------------------------
     0 | D:1      | YayAnonymity the Mountain Dwarf Fighter began the quest for
                  | the Orb.
     0 | D:1      | Reached XP level 1. HP: 19/19 MP: 1/1
    41 | D:1      | Reached XP level 2. HP: 13/26 MP: 2/2
   681 | D:2      | Reached XP level 3. HP: 31/31 MP: 3/3
   721 | D:2      | Found a hide-covered altar of Uskayaw.
   905 | D:2      | Slain by a gnoll

Illustrated notes

Levels and vault maps discovered:
D:1:      spicycebolla_arrival_xxxplode, layout_basic
D:2:      layout_basic, basic_altar

Skill      XL: |  1  2 |
---------------+-------+-----
Axes           | 3 |  3.6
Fighting       | |  3.6
Armour         | |  3.7
Shields        | |  3.7

Action                     || total
---------------------------++-------
  Melee: War axe           ||    91
 Armour: Scale mail        ||    84
  Dodge: Dodged            ||    43
  Block: Buckler           ||    30

Table legend: (Time is in decaauts)
 A = Elapsed time spent in this place.
 B = Non-inter-level travel time spent in this place.
 C = Inter-level travel time spent in this place.
 D = Time resting spent in this place.
 E = Time spent auto-exploring this place.
 F = Levels seen in this place.
 G = Mean time per level.
                   A        B        C        D        E       F      G
               +--------+--------+--------+--------+--------+-----+--------+
         Total |    942 |    921 |     21 |      0 |    691 |   2 |  471.0 |
       Dungeon |    942 |    921 |     21 |      0 |    691 |   2 |  471.0 |
               +--------+--------+--------+--------+--------+-----+--------+

Top non-repeatable levels by time:
     D:1: 698 daAuts
     D:2: 244 daAuts
